[Event "*** Titled Tuesday Blitz"]
[Site "Chess.com"]
[Date "2019.07.02"]
[Round "4"]
[White "moro182"]
[Black "GMsKoRPioN"]
[Result "1-0"]
[WhiteElo "2788"]
[BlackElo "2567"]
[TimeControl "180+2"]
[EndTime "13:50:06 PDT"]
[Termination "moro182 won by resignation"]

1. d4 d6 2. Nf3 g6 3. g3 Bg7 4.
Bg2 Nf6 5. O-O O-O 6. c4 Nc6 7. Nc3 e5 8. dxe5 Nxe5 9. b3 Nxf3+ 10. Bxf3 Bh3 11. Re1 Ne4 12. Nxe4 Bxa1 13. Bg5 f6 14. Bh6 Be5 15. Bxf8 Qxf8 16. Qd5+ Kh8 17. Qxb7 Rc8 18. Bg2 Bxg2 19. Kxg2 f5 20. Ng5 Bf6 21. Ne6 Qe8 22. Nf4 a5 23. e4 fxe4 24. Rxe4 Qd7 25. Nd5 Bg7 26. Nb6 1-0

[Event "*** Titled Tuesday Blitz"]
[Site "Chess.com"]
[Date "2019.07.02"]
[Round "4"]
[White "Mikhail_Golubev"]
[Black "saraswathii"]
[Result "1-0"]
[WhiteElo "2557"]
[BlackElo "2332"]
[TimeControl "180+2"]
[EndTime "13:50:10 PDT"]
[Termination "Mikhail_Golubev won by resignation"]

1. e4 c5 2. Nf3 e6 3. d4 cxd4 4.
Nxd4 Nf6 5. Nc3 Nc6 6. a3 d5 7. Bb5 Qc7 8. exd5 Nxd5 9. Nxd5 exd5 10. O-O Be6 11. Re1 Qd6 12. c4 O-O-O 13. Bxc6 bxc6 14. Qa4 Kb7 15. Be3 a6 16. c5 Qc7 17. Nb3 Rc8 18.
Bf4 Qd7 19. Rac1 Be7 20. Rc3 Bf6 21. Na5+ Ka7 22. Rb3 Be7 23. Rb6 Bxc5 24. Rxa6+ Kxa6 25. Nb3+ Kb6 26. Qa5+ 1-0

[Event "*** Titled Tuesday Blitz"]
[Site "Chess.com"]
[Date "2019.07.02"]
[Round "4"]
[White "warmoatmeal"]
[Black "ecwinslow"]
[Result "0-1"]
[WhiteElo "1802"]
[BlackElo "1989"]
[TimeControl "180+2"]
[EndTime "13:50:10 PDT"]
[Termination "ecwinslow won by resignation"]

1. Nf3 Nf6 2. d4 g6 3. c4 Bg7 4. Nc3 O-O 5. Bg5 h6 6. Bh4 g5 7. Bg3 Nh5 8. e3 c5 9. Bd3 cxd4 10. Nxg5 Nxg3 11. hxg3 dxc3 12. Rxh6 Bxh6 13. Qh5 Qb6 14. Ke2 Nc6 15. Rh1 Ne5 16. Bh7+ Kg7 17. Ne4 Qxb2+ 18. Kd1 c2+ 19. Ke2 c1=Q+ 0-1

[Event "*** Titled Tuesday Blitz"]
[Site "Chess.com"]
[Date "2019.07.02"]
[Round "4"]
[White "fidezivkovic"]
[Black "CarlssonLudvig"]
[Result "0-1"]
[WhiteElo "2251"]
[BlackElo "2377"]
[TimeControl "180+2"]
[EndTime "13:50:15 PDT"]
[Termination "CarlssonLudvig won by checkmate"]

1. e4 e5 2. Nf3 Nc6 3. d4 exd4 4.
Bc4 Nf6 5. e5 d5 6. Bb5 Ne4 7. Nxd4 Bc5 8. O-O Bxd4 9. Qxd4 O-O 10. Bxc6 bxc6 11. Nc3 Bf5 12. Nxe4 Bxe4 13. c4 Re8 14. f3 Bg6 15. f4 Be4 16. Be3 f5 17.
cxd5 cxd5 18. Rac1 Re6 19. Rf2 Rg6 20. Qc5 Qh4 21. Qxc7 Qh3 22. g3 Rxg3+ 23. hxg3 Qh1# 0-1

[Event "*** Titled Tuesday Blitz"]
[Site "Chess.com"]
[Date "2019.07.02"]
[Round "4"]
[White "1g41-0"]
[Black "SavelievAlexei"]
[Result "0-1"]
[WhiteElo "2464"]
[BlackElo "2400"]
[TimeControl "180+2"]
[EndTime "13:50:16 PDT"]
[Termination "SavelievAlexei won by resignation"]

1. e4 d6 2. d4 Nf6 3. Nc3 e5 4. Nf3 Nbd7 5. Bc4 Be7 6. O-O O-O 7. a4 c6 8. Ba2 b6 9. h3 a6 10. Be3 Bb7 11. Qe2 b5 12. axb5 axb5 13. b4 Qc7 14.
Rfd1 Rae8 15. d5 cxd5 16. Nxb5 Qb8 17. Bxd5 Nxd5 18. exd5 f5 19. c4 f4 20. Bd2 e4 21.
Nfd4 f3 22. gxf3 Bh4 23. Ne6 Rxf3 24. Qxe4 Bxf2+ 25. Kg2 Rf6 26. Rf1 Rexe6 27. Qd3 Ne5 28. Qb3 Qe8 29. Ra7 Qg6+ 30. Kh1 Bxa7 0-1

[Event "*** Titled Tuesday Blitz"]
[Site "Chess.com"]
[Date "2019.07.02"]
[Round "4"]
[White "GeorgeTen"]
[Black "chess4life23"]
[Result "0-1"]
[WhiteElo "2227"]
[BlackElo "2361"]
[TimeControl "180+2"]
[EndTime "13:50:17 PDT"]
[Termination "chess4life23 won by resignation"]

1. d4 Nf6 2. Nf3 g6 3. c4 Bg7 4.
Nc3 d5 5. Bg5 Ne4 6. cxd5 Nxg5 7.
Nxg5 e6 8. Nf3 exd5 9. b4 O-O 10. e3 Bg4 11. Be2 a5 12. b5 c5 13. bxc6 bxc6 14. Rc1 Nd7 15. Na4 Qe7 16. O-O Rac8 17. Nc5 Rfe8 18.
Qa4 Ra8 19. h3 Bxf3 20. Bxf3 Nb6 21. Qxc6 Nc4 22. Qxd5 Nd2 23. Be2 Rad8 24. Qf3 Nxf3+ 0-1

[Event "*** Titled Tuesday Blitz"]
[Site "Chess.com"]
[Date "2019.07.02"]
[Round "4"]
[White "Perecke"]
[Black "Gabix_94"]
[Result "0-1"]
[WhiteElo "2047"]
[BlackElo "2681"]
[TimeControl "180+2"]
[EndTime "13:50:17 PDT"]
[Termination "Gabix_94 won on time"]

1. e4 c5 2. Nf3 Nc6 3. c4 e5 4. Be2 Be7 5. Nc3 d6 6. d3 f5 7. O-O Nf6 8. Ne1 O-O 9. f4 fxe4 10. fxe5 exd3 11. exf6 dxe2 12. Qd5+ Rf7 13. Rf3 Bxf6 14.
Ne4 Qe7 15. Nxf6+ gxf6 16. Bf4 Be6 17. Qxd6 Qxd6 18. Bxd6 Bxc4 19. Bxc5 Rd8 20. Nc2 Rd1+ 21. Kf2 Rf1+ 0-1

[Event "*** Titled Tuesday Blitz"]
[Site "Chess.com"]
[Date "2019.07.02"]
[Round "4"]
[White "Aleksandr_Kholin"]
[Black "bluejay1897"]
[Result "1-0"]
[WhiteElo "2374"]
[BlackElo "2249"]
[TimeControl "180+2"]
[EndTime "13:50:21 PDT"]
[Termination "Aleksandr_Kholin won by resignation"]

1. Nf3 Nf6 2. g3 c6 3. Bg2 d5 4. b3 g6 5. Bb2 Bg7 6. O-O O-O 7.
c4 Na6 8. e3 Nc7 9. d3 Bf5 10.
Nc3 Qc8 11. Re1 Bh3 12. Bh1 Ne6 13. Rc1 Bg4 14. cxd5 Ng5 15. Qe2 Qf5 16. Nd4 Nh3+ 17. Kg2 Qg5 18. f3 Bd7 19. f4 Qh5 20. Qxh5 Nxh5 21.
dxc6 bxc6 22. Kf1 e5 23. Nxc6 exf4 24. Ne7+ Kh8 25. Bxa8 Rxa8 26. exf4 Nf6 27. Ncd5 Ng4 28. Bxg7+ Kxg7 29. Re2 g5 30. fxg5 Nxg5 31. h4 Nf3 32.
Kg2 Nd4 33. Re4 Nb5 34. Rf1 Nd6 35. Ref4 Be6 36. Nc7 Ne3+ 37. Kf2 Nxf1 38. Nxa8 Nd2 39. Nc7 Nb1 40. Nxe6+ fxe6 41. Ra4 Nb5 42. Ra5 N1c3 43. Nc6 1-0

[Event "*** Titled Tuesday Blitz"]
[Site "Chess.com"]
[Date "2019.07.02"]
[Round "4"]
[White "IwkooO"]
[Black "Bad4life"]
[Result "1-0"]
[WhiteElo "2527"]
[BlackElo "2361"]
[TimeControl "180+2"]
[EndTime "13:50:22 PDT"]
[Termination "IwkooO won by resignation"]

1. d4 Nf6 2. Nf3 e6 3. c4 c5 4. d5 exd5 5. cxd5 d6 6. Nc3 g6 7. g3 Bg7 8. Bg2 O-O 9. O-O Re8 10. Re1 Nbd7 11. e4 Rb8 12. Bf4 Ne5 13. Bxe5 dxe5 14. a4 a6 15. a5 Bf8 16. Nd2 Bg4 17. Qa4 Bd7 18. Qc2 Bd6 19. Nc4 Bc7 20. Na4 Bxa5 21. Nxa5 Qxa5 22. Qxc5 Qd2 23. Qc3 Qh6 24. Nb6 Bh3 25.
Bf3 Bg4 26. Bg2 Bh3 27. Rac1 Ng4 28. Qf3 Nxh2 29. Qe3 Qxe3 30. Rxe3 Ng4 31. Bxh3 Nxe3 32. fxe3 Re7 33. d6 Ree8 34. d7 Red8 35. Rc8 Kf8 36. Rxb8 Rxb8 37. Nc8 1-0

[Event "*** Titled Tuesday Blitz"]
[Site "Chess.com"]
[Date "2019.07.02"]
[Round "4"]
[White "WilliamSchill"]
[Black "Rocky2070"]
[Result "1/2-1/2"]
[WhiteElo "1948"]
[BlackElo "1956"]
[TimeControl "180+2"]
[EndTime "13:50:22 PDT"]
[Termination "Game drawn by agreement"]

1. e4 e5 2. Nf3 Nc6 3. Nc3 Nf6 4. Be2 Bc5 5. Nxe5 Nxe5 6. d4 Bb4 7. dxe5 Nxe4 8. Qd4 Nxc3 9. bxc3 Be7 10. O-O O-O 11.
Bf4 d6 12. exd6 Bxd6 13. Bxd6 Qxd6 14. Qxd6 cxd6 15. Rfd1 Rd8 16. Bf3 Rb8 17. Rab1 b6 18. Rb4 Bf5 19. Be4 Bxe4 20. Rxe4 Rbc8 21. c4 g6 22. f4 Rc5 23. Rd3 Rdc8 24. Rxd6 Rxc4 25. Rxc4 Rxc4 26. Rd7 Rxc2 27. Rxa7 Kg7 28. h3 Kf6 29. Kh2 Ke6 30. Kg3 h5 31. Kf3 f6 32. g4 hxg4+ 33.
hxg4 f5 34. Rg7 fxg4+ 35. Kxg4 Kf6 36. Rb7 Rxa2 37. Rxb6+ Kg7 1/2-1/2

[Event "*** Titled Tuesday Blitz"]
[Site "Chess.com"]
[Date "2019.07.02"]
[Round "4"]
[White "stoleriu"]
[Black "PIwan"]
[Result "0-1"]
[WhiteElo "2523"]
[BlackElo "2460"]
[TimeControl "180+2"]
[EndTime "13:50:23 PDT"]
[Termination "PIwan won by resignation"]

1. e4 e6 2. d4 d5 3. Nc3 Nf6 4. e5 Nfd7 5. f4 c5 6. Nf3 Nc6 7. Be3 Qb6 8. Na4 Qa5+ 9. c3 cxd4 10. b4 Nxb4 11. cxb4 Bxb4+ 12. Bd2 Bxd2+ 13. Nxd2 b6 14. Kf2 O-O 15. Bd3 Nc5 16. Nxc5 bxc5 17. Re1 c4 18.
Be2 d3 19. Bf3 Qc5+ 20. Kg3 f6 21. h3 fxe5 22. Rxe5 Qd4 23. Ne4 Bb7 24. Qe1 dxe4 25. Bxe4 d2 26. Qe2 Bxe4 27. Rxe4 Qxa1 0-1

[Event "*** Titled Tuesday Blitz"]
[Site "Chess.com"]
[Date "2019.07.02"]
[Round "4"]
[White "ShiningDiamond"]
[Black "vpantev"]
[Result "0-1"]
[WhiteElo "1587"]
[BlackElo "2611"]
[TimeControl "180+2"]
[EndTime "13:50:25 PDT"]
[Termination "vpantev won on time"]

1. Nf3 d5 2. d4 Bf5 3. e3 e6 4. Bd3 Bg6 5. c3 Nf6 6. O-O c5 7. Re1 Nc6 8. Bxg6 hxg6 9. Nbd2 Qc7 10. Nf1 Bd6 11. Ng3 a6 12. a4 Ne7 13. Nd2 Qc6 14.
h3 Bxg3 15. fxg3 Nf5 16. g4 Nd6 17. Nb3 Nfe4 18. dxc5 Nc4 19. Rf1 O-O 20. Qc2 e5 21. Qd3 f5 22. gxf5 gxf5 23. Rd1 Rad8 24. Nd2 Nxc5 25. Qe2 Nxd2 26. Bxd2 e4 27. b4 Nd3 28.
Be1 Qc4 29. Rd2 Rd6 30. Rad1 Re6 0-1

[Event "*** Titled Tuesday Blitz"]
[Site "Chess.com"]
[Date "2019.07.02"]
[Round "4"]
[White "VeraNebolsina"]
[Black "valeriocarnicelli"]
[Result "1-0"]
[WhiteElo "2364"]
[BlackElo "2480"]
[TimeControl "180+2"]
[EndTime "13:50:27 PDT"]
[Termination "VeraNebolsina won by checkmate"]

1. e4 e5 2. Nf3 Nc6 3. Bb5 g6 4. O-O Bg7 5. c3 Nge7 6. d4 exd4 7.
cxd4 a6 8. Ba4 O-O 9. d5 Ne5 10. Nxe5 Bxe5 11. Nc3 b5 12. Bc2 d6 13. Bh6 Re8 14.
f4 Bh8 15. e5 Bf5 16. Bg5 Qd7 17. Ne4 dxe5 18. Qf3 exf4 19. Rad1 Bg4 20. Qxf4 f5 21. d6 Bxd1 22. Rxd1 Nc6 23. Bb3+ Kf8 24. Bh6+ Bg7 25.
Nf6 Bxh6 26. Qxh6+ Qg7 27. Nxh7# 1-0

[Event "*** Titled Tuesday Blitz"]
[Site "Chess.com"]
[Date "2019.07.02"]
[Round "4"]
[White "Samantha_Ross"]
[Black "Vadim_Biliy"]
[Result "1-0"]
[WhiteElo "2023"]
[BlackElo "2218"]
[TimeControl "180+2"]
[EndTime "13:50:34 PDT"]
[Termination "Samantha_Ross won by resignation"]

1. c4 Nf6 2. Nf3 e6 3. b3 d5 4. Bb2 Be7 5. e3 O-O 6. Be2 c5 7. cxd5 Nxd5 8. O-O Nc6 9. a3 b6 10. d3 Bb7 11. Nbd2 Bf6 12. Qc2 Bxb2 13. Qxb2 Qf6 14. Qxf6 gxf6 15. Rfc1 Rfd8 16. g3 Nde7 17. Rab1 Ne5 18. Nxe5 fxe5 19. b4 cxb4 20. Rc7 Ba6 21.
Rxe7 Bxd3 22. Bxd3 Rxd3 23. Nc4 Kf8 24. Rxf7+ Kxf7 25. Nxe5+ Kf6 26. Nxd3 bxa3 27. Ra1 a5 28. Rxa3 Rc8 29.
Rb3 Rc6 30. f4 Kf5 31. Nf2 a4 32. Rb4 a3 33. g4+ Kg6 34. Rb1 Kf7 35. Ra1 Rc3 36.
Nd1 Rb3 37. Kf1 b5 38. Ke2 b4 39. Kd2 e5 40. Kc2 Rxe3 41. Nxe3 exf4 42. Nd5 f3 43.
Nxb4 f2 44. Rf1 Kg6 45. Rxf2 Kg5 46. Rf7 h6 47. Rh7 Kxg4 48. Rxh6 Kg5 49. Ra6 1-0

[Event "*** Titled Tuesday Blitz"]
[Site "Chess.com"]
[Date "2019.07.02"]
[Round "4"]
[White "TheCavemanChesss"]
[Black "telarubo96"]
[Result "0-1"]
[WhiteElo "2414"]
[BlackElo "2324"]
[TimeControl "180+2"]
[EndTime "13:50:40 PDT"]
[Termination "telarubo96 won by resignation"]

1. e4 c5 2. Nf3 Nc6 3. d4 cxd4 4.
Nxd4 e5 5. Nb5 d6 6. N1c3 a6 7.
Na3 Be7 8. Nc4 b5 9. Ne3 Nf6 10. Bd3 O-O 11. O-O Rb8 12. a4 Nb4 13. Be2 Bd7 14.
axb5 axb5 15. f3 Bc6 16. Ncd5 Nbxd5 17. exd5 Bd7 18. Qd3 Nh5 19. Nf5 Bg5 20. g3 Bxc1 21. Rfxc1 g6 22. Ne3 f5 23. c4 f4 24. Nf1 bxc4 25. Qa3 Qb6+ 26. Kh1 Qf2 27. g4 Qxe2 28. Rc3 Rxb2 0-1

[Event "*** Titled Tuesday Blitz"]
[Site "Chess.com"]
[Date "2019.07.02"]
[Round "4"]
[White "Colombiano07"]
[Black "ethylalcohol"]
[Result "1-0"]
[WhiteElo "2173"]
[BlackElo "2096"]
[TimeControl "180+2"]
[EndTime "13:50:46 PDT"]
[Termination "Colombiano07 won on time"]

1. e4 e6 2. d4 d5 3. Nd2 c5 4.
exd5 Qxd5 5. Ngf3 cxd4 6. Bc4 Qd6 7. Nb3 Nc6 8. Nbxd4 Qb4+ 9. Nd2 Nxd4 10. c3 Qb6 11.
cxd4 Qxd4 12. Qe2 Bd7 13. O-O Nf6 14. Nf3 Qe4 15. Be3 Be7 16. Rfd1 O-O 17. Rd4 Qf5 18. g4 Qa5 19. g5 Nd5 20. Bxd5 exd5 21. Bd2 Qd8 22. Rxd5 Qe8 23. Re5 Be6 24. Nd4 Rd8 25. Nxe6 fxe6 26. Rxe6 Qa4 27. Rxe7 Qc2 28. Bc3 1-0

[Event "*** Titled Tuesday Blitz"]
[Site "Chess.com"]
[Date "2019.07.02"]
[Round "4"]
[White "Komissarov_alex"]
[Black "King_of_the_wing"]
[Result "0-1"]
[WhiteElo "2120"]
[BlackElo "2155"]
[TimeControl "180+2"]
[EndTime "13:50:47 PDT"]
[Termination "King_of_the_wing won by checkmate"]

1. d4 Nf6 2. Nf3 e6 3. e3 b6 4.
Nbd2 Ba6 5. Bxa6 Nxa6 6. Qe2 Nb4 7. Nc4 c5 8. O-O Be7 9. Rd1 O-O 10. dxc5 bxc5 11. Nce5 Qc7 12. a3 Nc6 13. Nxc6 Qxc6 14. Bd2 Ne4 15. Be1 d6 16. Nd2 f5 17. Nxe4 Qxe4 18.
Bc3 e5 19. Qb5 f4 20. Qd7 Bh4 21. Qe6+ Kh8 22. Qg4 Bxf2+ 23. Kxf2 Qxe3+ 24. Kf1 f3 25. Qg3 Qe2+ 26. Kg1 f2+ 27. Kh1 f1=Q+ 28. Rxf1 Qxf1+ 29. Rxf1 Rxf1# 0-1

[Event "*** Titled Tuesday Blitz"]
[Site "Chess.com"]
[Date "2019.07.02"]
[Round "4"]
[White "TheCount"]
[Black "Muisback26"]
[Result "1-0"]
[WhiteElo "2791"]
[BlackElo "2946"]
[TimeControl "180+2"]
[EndTime "13:50:48 PDT"]
[Termination "TheCount won by resignation"]

1. Nf3 g6 2. g3 Bg7 3. d4 d6 4.
Bg2 Nf6 5. O-O O-O 6. a4 a6 7.
a5 Nbd7 8. Nc3 e5 9. dxe5 dxe5 10. e4 b5 11. axb6 cxb6 12. Qe2 Bb7 13. Rd1 Qc7 14.
Nd5 Nxd5 15. exd5 Rac8 16. c3 b5 17. Ng5 Nc5 18. Be3 Na4 19. c4 h6 20. cxb5 axb5 21.
Qxb5 Nxb2 22. Rdc1 Nc4 23. d6 Qxd6 24. Bxb7 Nxe3 25.
Rxc8 Rxc8 26. Bxc8 Nc2 27. Qe8+ Qf8 28. Qxf8+ 1-0

[Event "*** Titled Tuesday Blitz"]
[Site "Chess.com"]
[Date "2019.07.02"]
[Round "4"]
[White "ChainsOfFantasia"]
[Black "StoreySniper"]
[Result "1-0"]
[WhiteElo "2478"]
[BlackElo "2463"]
[TimeControl "180+2"]
[EndTime "13:50:52 PDT"]
[Termination "ChainsOfFantasia won by checkmate"]

1. d4 b6 2. a4 g6 3. a5 Bb7 4. Nc3 Bg7 5. e4 e6 6. h4 h6 7. f4 Nf6 8. Bd3 Nc6 9. a6 Bc8 10. Nf3 Nb4 11. Be2 d5 12. e5 Ne4 13. Ra4 Ng3 14. Rh3 Nxe2 15. Qxe2 Nc6 16. h5 Bd7 17. hxg6 fxg6 18. Qd3 Qe7 19. Qxg6+ Kd8 20. Rg3 Rg8 21.
f5 exf5 22. Nxd5 Nxe5 23. Nxe5 Qh4 24. Rc4 Be8 25. Nc6+ Bxc6 26. Rxc6 Qh1+ 27. Kf2 Bxd4+ 28. Be3 Bxe3+ 29. Nxe3 Rxg6 30. Rgxg6 Kd7 31. Nd5 Qh4+ 32. Kf1 Qh1+ 33. Kf2 Re8 34. Rxc7+ Kd8 35. Rd6# 1-0

[Event "*** Titled Tuesday Blitz"]
[Site "Chess.com"]
[Date "2019.07.02"]
[Round "4"]
[White "Spring199"]
[Black "zurzan"]
[Result "1-0"]
[WhiteElo "2195"]
[BlackElo "1922"]
[TimeControl "180+2"]
[EndTime "13:50:56 PDT"]
[Termination "Spring199 won on time"]

1. d4 f5 2. c4 Nf6 3. Bf4 d6 4. Nc3 g6 5. h4 Nh5 6. Bg5 h6 7. Bd2 Bg7 8. e3 O-O 9. Be2 Nf6 10. Nf3 Qe8 11. Qc2 Nc6 12. O-O-O Nb4 13. Qb3 a5 14.
Nb5 c6 15. Nc7 Qf7 16. Nxa8 Ne4 17. Bxb4 axb4 18. Nb6 Nxf2 19. Rhf1 Nxd1 20. Rxd1 Be6 21. d5 cxd5 22. cxd5 Bc8 23. Nxc8 Rxc8+ 24. Kb1 Qf6 25. Nd4 Rc5 26. Qxb4 Rxd5 27. Bc4 e6 28. Bxd5 exd5 29. Rc1 g5 30. Qxb7 gxh4 31. Rc8+ Kh7 32. Qxd5 Kg6 33. Re8 f4 34. Re6 1-0

[Event "*** Titled Tuesday Blitz"]
[Site "Chess.com"]
[Date "2019.07.02"]
[Round "4"]
[White "evgenyermolaev"]
[Black "Yoshkinkot"]
[Result "1-0"]
[WhiteElo "2507"]
[BlackElo "2535"]
[TimeControl "180+2"]
[EndTime "13:50:58 PDT"]
[Termination "evgenyermolaev won by resignation"]

1. e4 c5 2. Nf3 d6 3. b3 Nf6 4.
d3 Nc6 5. Bb2 e5 6. Nbd2 g6 7.
a4 Bg7 8. Be2 O-O 9. O-O Qc7 10.
Nc4 h6 11. Ne3 Ne7 12. c3 Ng4 13. Nxg4 Bxg4 14. d4 exd4 15. cxd4 Nc6 16. Rc1 Qe7 17. e5 cxd4 18. Nxd4 Nxd4 19. Bxd4 Bxe2 20. Qxe2 Bxe5 21. Rfe1 Rfe8 22. Qb5 a6 23. Qd5 Rad8 24. Bb6 Rc8 25. Rxc8 Rxc8 26. f4 Bd4+ 27. Kf1 Qxe1+ 28. Kxe1 Bxb6 29.
Qxb7 Re8+ 30. Kd1 Be3 31. Qxa6 Bxf4 32. g3 Be5 33. Qc6 Rb8 34. Kc2 1-0

[Event "*** Titled Tuesday Blitz"]
[Site "Chess.com"]
[Date "2019.07.02"]
[Round "4"]
[White "WPWPWP-2015"]
[Black "eldur16"]
[Result "0-1"]
[WhiteElo "2386"]
[BlackElo "2574"]
[TimeControl "180+2"]
[EndTime "13:51:03 PDT"]
[Termination "eldur16 won on time"]

1. e4 c5 2. Nf3 e6 3. d4 cxd4 4. Nxd4 a6 5. Bd3 Bc5 6. Nb3 Ba7 7. Qg4 Nf6 8. Qe2 Nc6 9. Be3 d6 10. N1d2 O-O 11. O-O e5 12. Bxa7 Rxa7 13. Nc4 b5 14. Ne3 Be6 15. c4 Qb6 16. cxb5 axb5 17. Nd2 Nd4 18.
Qd1 Bxa2 19. b3 Rfa8 20. Nd5 Nxd5 21. exd5 g6 22. h4 f5 23. Re1 Kg7 24. Rc1 Ra3 25.
Bf1 Bxb3 26. Nxb3 Rxb3 27. h5 Rb2 28. Rc3 Raa2 29. hxg6 hxg6 30. Qc1 Nb3 31. Rc7+ Kf6 0-1

[Event "*** Titled Tuesday Blitz"]
[Site "Chess.com"]
[Date "2019.07.02"]
[Round "4"]
[White "DanielNaroditsky"]
[Black "KamilPlichta"]
[Result "1-0"]
[WhiteElo "3026"]
[BlackElo "2796"]
[TimeControl "180+2"]
[EndTime "13:51:09 PDT"]
[Termination "DanielNaroditsky won by resignation"]

1. Nf3 g6 2. e4 Bg7 3. d4 c5 4. dxc5 Qa5+ 5. Bd2 Qxc5 6. Bc3 Nf6 7. Bd3 d6 8. h3 O-O 9. O-O Nbd7 10. a4 b6 11.
a5 Bb7 12. Re1 a6 13. Bd4 Qc7 14. axb6 Nxb6 15. Nc3 Nc4 16. b3 Nb2 17. Nb5 axb5 18. Bxb2 Rxa1 19. Bxa1 b4 20. Qd2 Rb8 21. Bd4 Bc6 22.
e5 Nd5 23. e6 f5 24. Bxg7 Kxg7 25. Nd4 Nf6 26. Ra1 Be4 27. Bc4 Ra8 28. Rxa8 Bxa8 29. Qxb4 Qa7 30. Qc3 Ne4 31. Nxf5+ 1-0

[Event "*** Titled Tuesday Blitz"]
[Site "Chess.com"]
[Date "2019.07.02"]
[Round "4"]
[White "VerdeNotte"]
[Black "mbojan"]
[Result "1-0"]
[WhiteElo "2839"]
[BlackElo "2596"]
[TimeControl "180+2"]
[EndTime "13:51:14 PDT"]
[Termination "VerdeNotte won by resignation"]

1. e4 g6 2. d4 Bg7 3. Nc3 d6 4. Be3 a6 5. Qd2 b5 6. h4 h5 7. f3 c6 8. Nh3 Bxh3 9. Rxh3 Nd7 10. O-O-O Qc7 11. g4 hxg4 12. fxg4 Ngf6 13. g5 b4 14. gxf6 bxc3 15. Qxc3 Nxf6 16. Bg2 Rc8 17. Bg5 Nd7 18.
h5 Rxh5 19. Rxh5 gxh5 20. Qf3 c5 21. Rf1 Nf6 22. Bh3 Rb8 23. Bxf6 Bxf6 24. Rg1 Kf8 25. Qf4 e5 26. Qxf6 cxd4 27. Rf1 Rb7 28. Qh8+ Ke7 29. Qf6+ Kf8 30. Be6 1-0

[Event "*** Titled Tuesday Blitz"]
[Site "Chess.com"]
[Date "2019.07.02"]
[Round "4"]
[White "Paralinch"]
[Black "yoolund"]
[Result "0-1"]
[WhiteElo "2805"]
[BlackElo "2616"]
[TimeControl "180+2"]
[EndTime "13:51:15 PDT"]
[Termination "yoolund won by resignation"]

1. e4 c6 2. d4 d5 3. Nc3 dxe4 4. Nxe4 Bf5 5. Ng3 Bg6 6. h4 h6 7. Nf3 Nd7 8. h5 Bh7 9. Bd3 Bxd3 10. Qxd3 e6 11.
Bd2 Qc7 12. O-O-O O-O-O 13. Ne4 Ngf6 14. Nxf6 Nxf6 15. Qe2 Bd6 16. Kb1 Kb8 17. Rh4 Ka8 18. c4 c5 19. Bc3 cxd4 20. Rhxd4 Bc5 21. Rxd8+ Rxd8 22. Rxd8+ Qxd8 23. Ne5 Qc7 24. g4 Bd6 25. f3 a6 26. Kc2 Bxe5 27. Bxe5 Qd7 28. b3 Ne8 29.
Qd3 Qxd3+ 30. Kxd3 b6 31. g5 hxg5 32. Bxg7 Nxg7 33. h6 Nh5 34. Ke4 Nf6+ 35. Ke5 Nh7 36. Kd6 f5 37. Kxe6 g4 38. Kxf5 gxf3 39. Kg6 f2 40.
Kxh7 f1=Q 41. Kg6 Qg2+ 42. Kf7 Qf3+ 43. Kg7 Qg4+ 44. Kf6 Qf4+ 45. Kg7 Qg5+ 0-1

[Event "*** Titled Tuesday Blitz"]
[Site "Chess.com"]
[Date "2019.07.02"]
[Round "4"]
[White "sebsep"]
[Black "DACF2905"]
[Result "0-1"]
[WhiteElo "2143"]
[BlackElo "2234"]
[TimeControl "180+2"]
[EndTime "13:51:16 PDT"]
[Termination "DACF2905 won by resignation"]

1. e4 c5 2. Nf3 e6 3. d4 cxd4 4. Nxd4 a6 5. Nc3 Qc7 6. Be3 Nf6 7.
Qf3 Nc6 8. O-O-O Bb4 9. Nxc6 Bxc3 10. Nd4 Bb4 11. g4 d5 12. exd5 Nxd5 13. Bd3 Bd7 14. Bg5 h6 15. Bh4 Qf4+ 16. Qxf4 Nxf4 17. Be4 Kf8 18. Bg3 e5 19. Nf5 Bxf5 20. Bxf5 Ne2+ 21. Kb1 Nxg3 22. hxg3 g6 23. Be4 Kg7 24. Bxb7 Rab8 25.
Bxa6 Bc3 26. b3 Ra8 27. Bc4 Rxa2 0-1

[Event "*** Titled Tuesday Blitz"]
[Site "Chess.com"]
[Date "2019.07.02"]
[Round "4"]
[White "SanchezKelvin"]
[Black "ASargsyan1"]
[Result "0-1"]
[WhiteElo "2395"]
[BlackElo "2599"]
[TimeControl "180+2"]
[EndTime "13:51:17 PDT"]
[Termination "ASargsyan1 won by resignation"]

1. d4 d5 2. c4 c6 3. Nf3 Nf6 4.
Nc3 e6 5. Bg5 dxc4 6. e4 b5 7.
e5 h6 8. Bh4 g5 9. exf6 gxh4 10.
Ne5 Qxf6 11. Be2 Bd6 12. Ne4 Bb4+ 13. Kf1 Qf4 14. Bf3 Be7 15. a4 b4 16. g3 Qf5 17. Nxc4 Ba6 18. b3 Nd7 19. Ke1 O-O 20.
Qd2 Qxf3 21. Qxh6 Qxh1+ 22. Kd2 Qxe4 23. gxh4 Qxd4+ 24. Kc2 Qxa1 0-1

[Event "*** Titled Tuesday Blitz"]
[Site "Chess.com"]
[Date "2019.07.02"]
[Round "4"]
[White "imdarealist"]
[Black "WorldChampionBulletChess"]
[Result "0-1"]
[WhiteElo "2057"]
[BlackElo "2122"]
[TimeControl "180+2"]
[EndTime "13:51:19 PDT"]
[Termination "WorldChampionBulletChess won by checkmate"]

1. d4 Nf6 2. c4 e6 3. Nc3 d5 4. e3 Be7 5. Nf3 O-O 6. cxd5 exd5 7. Bd3 c5 8. O-O c4 9. Bc2 Nc6 10. Re1 Be6 11. a3 Qc7 12. Ng5 Bd7 13. e4 h6 14.
e5 hxg5 15. exf6 Bxf6 16. Qh5 g6 17. Bxg6 fxg6 18. Qxg6+ Bg7 19. Nxd5 Bf5 20. Qxg5 Rae8 21. Bf4 Qf7 22. Rxe8 Rxe8 23. Ne3 Nxd4 24. h4 Kh8 25.
h5 Rg8 26. g4 Nf3+ 27. Kh1 Nxg5 28. Nxf5 Ne6 29. Bg3 Bxb2 30. Rb1 Rxg4 31. Ne3 Rxg3 32. fxg3 Qf3+ 33. Ng2 c3 34. Re1 Qxh5+ 35. Kg1 Qc5+ 36. Kh2 Ng5 37. Re8+ Kg7 38. Nf4 Qf2+ 39. Kh1 Qf1+ 40.
Kh2 Nf3# 0-1

[Event "*** Titled Tuesday Blitz"]
[Site "Chess.com"]
[Date "2019.07.02"]
[Round "4"]
[White "ChesterF"]
[Black "Superfelix"]
[Result "0-1"]
[WhiteElo "2357"]
[BlackElo "2360"]
[TimeControl "180+2"]
[EndTime "13:51:21 PDT"]
[Termination "Superfelix won by resignation"]

1. e4 c5 2. Nf3 d6 3. d4 cxd4 4. Nxd4 Nf6 5. Nc3 a6 6. Be3 e5 7. Nb3 Be7 8. h3 h5 9. f4 exf4 10. Bxf4 Nc6 11. Qe2 Ne5 12. O-O-O Qc7 13. Kb1 Be6 14. Nd4 h4 15. g4 hxg3 16. Bxg3 Rc8 17. Bxe5 dxe5 18. Nxe6 fxe6 19. Qg2 Bb4 20. Rd3 Qf7 21.
Nd1 Bc5 22. Be2 O-O 23. h4 Rcd8 24. h5 Rxd3 25. Bxd3 Kh7 26. Qh3 b5 27. h6 g5 28.
Qg3 Bd6 29. Qxg5 Rg8 30. Qh4 Qg6 31. Nf2 Qg5 32. Qh3 Qg2 33. Qxe6 Qxf2 34. Qxd6 Rg1+ 0-1

[Event "*** Titled Tuesday Blitz"]
[Site "Chess.com"]
[Date "2019.07.02"]
[Round "4"]
[White "Warerman"]
[Black "Walter_White_Poland"]
[Result "1-0"]
[WhiteElo "2433"]
[BlackElo "2292"]
[TimeControl "180+2"]
[EndTime "13:51:21 PDT"]
[Termination "Warerman won by checkmate"]

1. d4 d5 2. c4 e6 3. Nc3 Nf6 4. cxd5 exd5 5. Bg5 c6 6. Qc2 Be7 7. e3 Nbd7 8. Bd3 Nf8 9. Nge2 Ne6 10. Bh4 h5 11. h3 Bd7 12. O-O g5 13. Bg3 h4 14.
Be5 Rg8 15. f3 a5 16. Rad1 Qb6 17. Kh1 Qa7 18. e4 Rc8 19. Qb3 c5 20. exd5 Nxd4 21. Nxd4 cxd4 22. Nb5 Qc5 23. d6 Qxe5 24. Rfe1 Qd5 25.
dxe7 Qxb3 26. Nd6# 1-0